 Dungeon Crawl Stone Soup version 0.26-a0-852-g6321bf7485 (webtiles) character file.

Game seed: 10183220475470855701

3602 stormannnn the Nimble (level 9, -1/45 HPs)
             Began as a Deep Elf Fire Elementalist on Nov 21, 2020.
             Was a Follower of Vehumet.
             Slain by a killer bee (2 damage)
             ... on level 8 of the Dungeon.
             The game lasted 00:33:33 (11293 turns).

stormannnn the Nimble (Deep Elf Fire Elementalist) Turns: 11293, Time: 00:33:33

Health: -1/45      AC: 13    Str:  5    XL:     9   Next: 86%
Magic:  27/32      EV: 19    Int: 24    God:    Vehumet [*.....]
Gold:   200        SH:  0    Dex: 15    Spells: 14/25 levels left

rFire    . . .     SeeInvis .   e - +0 dagger
rCold    . . .     Faith    .   (no shield)
rNeg     . . .     Spirit   .   C - +0 steam dragon scales
rPois    .         Reflect  .   (no helmet)
rElec    .         Harm     .   q - +0 cloak
rCorr    .         Rampage  .   p - +2 pair of gloves
MR       .....                  (no boots)
Stlth    ++........             A - amulet of the acrobat
HPRegen  0.15/turn              x - ring of magical power
MPRegen  0.23/turn              v - +4 ring of protection

@: lethally poisoned (-1 -> -14)
A: no striking features
a: Renounce Religion


You were on level 8 of the Dungeon.
You worshipped Vehumet.
Vehumet was aware of your devotion.
You visited 2 branches of the dungeon, and saw 10 of its levels.

You collected 425 gold pieces.
You spent 225 gold pieces at shops.

Inventory:

Hand Weapons
 e - a +0 dagger (weapon)
Missiles
 k - 6 javelins (quivered)
Armour
 p - a +2 pair of gloves (worn)
 q - a +0 cloak (worn)
 C - +0 steam dragon scales (worn)
Jewellery
 h - an uncursed ring of ice
 v - a +4 ring of protection (right hand)
 x - a ring of magical power (left hand)
 A - an amulet of the acrobat (around neck)
 B - an uncursed ring of positive energy {unknown}
Wands
 o - a wand of iceblast (11)
 y - a wand of disintegration (22)
Scrolls
 b - 7 scrolls of fog
 c - 2 scrolls of enchant armour
 d - 3 scrolls of magic mapping {unknown}
 g - a scroll of teleportation
 i - 7 scrolls of identify
 r - 4 scrolls of remove curse
 s - 2 scrolls of fear {unknown}
 u - a scroll of immolation {unknown}
 w - a scroll of blinking {unknown}
 z - a scroll of noise {unknown}
Potions
 f - a potion of resistance {unknown}
 j - 3 potions of heal wounds
 l - 3 potions of attraction {unknown}
 m - 4 potions of lignification {unknown}
 n - 3 potions of invisibility {unknown}
 t - a potion of mutation {unknown}


   Skills:
 - Level 0.6 Throwing
 * Level 10.4 Dodging
 - Level 2.4 Stealth
 + Level 8.5 Spellcasting
 + Level 6.5 Conjurations
 - Level 3.0 Transmutations
 + Level 7.3 Fire Magic
 - Level 3.0 Poison Magic


You had 14 spell levels left.
You knew the following spells:

 Your Spells              Type           Power        Failure   Level
a - Foxfire               Conj/Fire      ####         1%          1
b - Sticky Flame          Conj/Fire      #####...     3%          4
c - Conjure Flame         Conj/Fire      #####...     1%          3
d - Spider Form           Tmut/Pois      ###.......   5%          3

Your spell library contained the following spells:

 Spells                   Type           Power        Failure   Level
 Freeze                   Ice            ##..         6%          1
 Beastly Appendage        Tmut           ###...       1%          1
 Wereblood                Tmut           ###.....     2%          2
 Inner Flame              Hex/Fire       ####....     4%          3
 Fireball                 Conj/Fire      #####.....   10%         5
 Ice Form                 Ice/Tmut       ###.....     32%         4
 Blade Hands              Tmut           ###.......   45%         5


Dungeon Overview and Level Annotations

Branches:
Dungeon (9/15)             Temple (1/1) D:7            Lair (0/6) D:8
    Orc: D:9-12

Altars:
Ashenzari
Cheibriados
Dithmenos
Elyvilon
Fedhas
Gozag
Hepliaklqana
Kikubaaqudgha
Makhleb
Nemelex Xobeh
Okawaru
Qazlal
Ru
Sif Muna
Trog
Uskayaw
Vehumet
Wu Jian
Xom
Yredelemnul
Zin
The Shining One

Shops:
D:5 }   D:6 ==!(}*   D:8 *

Annotations:
D:3 2 runed translucent doors, Demosthentine's ghost, amateur FoFi


Message History

The killer bee misses you. The killer bee stings you!
* * * LOW HITPOINT WARNING * * *
The killer bee barely misses you. The killer bee misses you.
The killer bee closely misses you.
Casting: Foxfire (safe; 1% risk of failure)
Confirm with . or Enter, or press ? or * to list all spells.
You conjure some foxfire!
* * * LOW HITPOINT WARNING * * *
You feel sick.
The foxfire hits the killer bee but does no damage.
The killer bee is moderately wounded.
The foxfire hits the killer bee.
The killer bee is severely wounded.
The killer bee stings you but does no damage.
The killer bee closely misses you. The killer bee stings you!
* * * LOW HITPOINT WARNING * * *
The killer bee closely misses you. The killer bee barely misses you.
The killer bee misses you. The killer bee closely misses you.
The killer bee stings you.
You die...

###.....##...##.............##
#........#P.P##.######'####.##
###...............##.....####...
#.#...............##.###....#.##
#.#.....#.#...#....#.....##.#.#.
#.####...##..P#....#.###....#.#.
#........#P..##.#..#.......)..#.
#....#...#P_P#y.y......#....)...
#.......>#..P##@v.##.#.#...)..#.
#........#####y÷y..#.#.##.###...
#........##.#.#....#.#....#...#.
#.........#........#.########.#.
#####.#...#........#.....#......
###........^#...####'#.#..#.
#####.#.......###....)...#..#.
#...............#..##....##...
#.#......∩......#.............


You could see 4 killer bees.

Vanquished Creatures
  An elephant (D:8)
  A centaur skeleton (D:9)
  A wyvern (D:8)
  A basilisk (D:8)
  A steam dragon (D:8)
  An orc warrior (D:9)
  A phantom (D:4)
  A black bear (D:8)
  3 ogres
  3 centaurs
  3 bullfrogs
  A scorpion (D:7)
  11 killer bees
  2 howler monkeys
  3 hounds
  3 jellies
  4 orc priests
  Crazy Yiuf (D:4)
  4 orc wizards
  Ijyb (D:4)
  7 worker ants
  2 iguanas
  2 hound zombies (D:6)
  8 gnolls (D:3)
  8 adders
  A shadow imp (D:6)
  A white imp (D:8)
  2 ufetubi
  2 oozes
  An adder zombie (D:6)
  An adder skeleton (D:3)
  3 worms
  2 dart slugs (D:3)
  4 leopard geckos
  22 orcs
  6 giant cockroaches
  11 goblins
  6 hobgoblins
  2 jackals (D:6)
  2 quokkas (D:4)
  2 ball pythons
  11 bats
  5 frilled lizards
  6 kobolds
  5 rats
169 creatures vanquished.

Vanquished Creatures (others)
  778 foxfires
778 creatures vanquished.

Grand Total: 947 creatures vanquished

Notes
Turn   | Place    | Note
-------+----------+-------------------------------------------
     0 | D:1      | stormannnn the Deep Elf Fire Elementalist began the quest
                  | for the Orb.
     0 | D:1      | Reached XP level 1. HP: 10/10 MP: 6/6
   207 | D:1      | Reached XP level 2. HP: 15/15 MP: 6/8
   434 | D:1      | You fall into a shaft and drop 1 floor!
   448 | D:2      | Reached skill level 3 in Dodging
   938 | D:2      | Reached XP level 3. HP: 11/19 MP: 5/9
  1332 | D:2      | Found a sparkling altar of Nemelex Xobeh.
  1406 | D:2      | Reached XP level 4. HP: 24/24 MP: 8/11
  1951 | D:2      | Learned a level 4 spell: Sticky Flame
  1985 | D:3      | Reached skill level 4 in Dodging
  2009 | D:3      | HP: 1/24 [gnoll/+0 spear (9)]
  2305 | D:3      | Found a glowing drain.
  2586 | D:3      | Found a glowing golden altar of the Shining One.
  2658 | D:3      | Learned a level 3 spell: Conjure Flame
  2721 | D:3      | Reached XP level 5. HP: 28/28 MP: 5/13
  3172 | D:3      | Found a large runed translucent door.
  3172 | D:3      | Found a large runed translucent door.
  3275 | D:3      | Reached skill level 5 in Dodging
  3702 | D:3      | Noticed Demosthentine's ghost (amateur FoFi)
  3763 | D:4      | Found a shimmering altar of Xom.
  3765 | D:4      | Found a bloodstained altar of Trog.
  3765 | D:4      | Found an ornate altar of the Wu Jian Council.
  3766 | D:4      | Noticed a phantom
  3785 | D:4      | Reached XP level 6. HP: 25/32 MP: 6/14
  4260 | D:4      | Reached skill level 5 in Spellcasting
  4601 | D:4      | Reached skill level 6 in Dodging
  4643 | D:4      | Reached XP level 7. HP: 33/36 MP: 12/16
  4939 | D:4      | Reached skill level 5 in Fire Magic
  5334 | D:4      | Found a runed translucent door.
  5335 | D:4      | Noticed Crazy Yiuf
  5535 | D:4      | Noticed Ijyb
  5551 | D:4      | Killed Ijyb
  5922 | D:4      | Killed Crazy Yiuf
  6267 | D:5      | Entered Level 5 of the Dungeon
  6473 | D:5      | Reached skill level 7 in Dodging
  6872 | D:5      | Found Vutes's Gadget Boutique.
  7133 | D:5      | Reached XP level 8. HP: 33/41 MP: 14/19
  7141 | D:5      | HP: 2/41 [killer bee (7)]
  7652 | D:6      | Found Uwkukh's Jewellery Boutique.
  7791 | D:6      | Found a snail-covered altar of Cheibriados.
  7869 | D:6      | Found a sacrificial altar of Ru.
  7950 | D:6      | Found Gozag's Platinum Reserve.
  7957 | D:6      | Found Ygreriz's Gadget Shop.
  7984 | D:6      | Found an opulent altar of Gozag.
  8207 | D:6      | Reached skill level 8 in Dodging
  8289 | D:6      | Found Visopubb's Jewellery Emporium.
  8310 | D:6      | Found Eneataoch's Distillery.
  8318 | D:6      | Bought a potion of heal wounds for 75 gold pieces
  8318 | D:6      | Bought a potion of heal wounds for 75 gold pieces
  8318 | D:6      | Bought a potion of heal wounds for 75 gold pieces
  8342 | D:6      | Found Sycvudot's Antique Weapon Shoppe.
  8582 | D:7      | Found a staircase to the Ecumenical Temple.
  8855 | Temple   | Entered the Ecumenical Temple
  9153 | Temple   | Became a worshipper of Vehumet
  9322 | D:7      | Reached skill level 5 in Conjurations
  9493 | D:7      | Learned a level 3 spell: Spider Form
  9677 | D:8      | Reached skill level 1 in Poison Magic
  9715 | D:8      | Reached skill level 1 in Transmutations
  9726 | D:8      | Reached skill level 9 in Dodging
  9969 | D:8      | Found Itori Mesm's Lightly-Used Armoury.
  9995 | D:8      | Found an ancient bone altar of Kikubaaqudgha.
  9996 | D:8      | Found a blossoming altar of Fedhas.
 10091 | D:8      | Noticed an elephant
 10110 | D:8      | Reached XP level 9. HP: 45/45 MP: 22/22
 10119 | D:8      | Killed an elephant
 10414 | D:8      | Found a staircase to the Lair.
 10444 | D:8      | Reached * piety under Vehumet
 10444 | D:8      | Offered knowledge of Freeze by Vehumet.
 10724 | D:9      | Reached skill level 10 in Dodging
 10929 | D:9      | Found an iron altar of Okawaru.
 11293 | D:8      | HP: 1/45 [killer bee (7)]
 11293 | D:8      | Slain by a killer bee

Illustrated notes

Levels and vault maps discovered:
D:1:      psy_arrival_heroes, layout_basic, kennysheep_pointless_box
D:2:      layout_rooms, general_overflow_altar
D:3:      layout_basic, tso_oasis_becter, ebering_ghost_disaster_area,
          cheibrodos_sewer_entry_drain
D:4:      minmay_skewed_foursquare, layout_basic, grunt_temple_overflow_open,
          serial_rivers, chequers_serial_rivers_micro_a,
          chequers_serial_rivers_large_b, chequers_serial_rivers_micro_d,
          chequers_serial_rivers_large_a, chequers_serial_rivers_micro_e,
          chequers_serial_rivers_micro_e, grunt_ministairs_8, uniq_ijyb,
          uniq_crazy_yiuf_cottage
D:5:      layout_loops_corners, serial_shops, nicolae_shop_trees
D:6:      layout_basic, nicolae_ru_great_annihilating_truth,
          nicolae_gozag_zags_fifth_avenue, lemuel_doored_altar, serial_shops,
          shop_fountains, nicolae_shop_stone, nicolae_shop_window_shopping,
          shop, shop
D:7:      layout_rooms, minmay_temple_entry_ruins, minmay_holes
D:8:      layout_basic, grunt_temple_overflow_growth_and_decay,
          david_lair_generic, minmay_hedge_maze, minmay_shop_damaged
D:9:      layout_cave_pools, serial_park, serial_park_fountain,
          okawaru_ov_weapons_minmay
Temple:   minmay_temple_forest_path

Skill      XL: |  1  2  3  4  5  6  7  8  9 |
---------------+----------------------------+-----
Dodging        | 3 4 5 6 7 9 10 | 10.4
Conjurations   | 2 3 4 5 6 |  6.5
Spellcasting   | 4 5 6 7 8 |  8.5
Fire Magic     | 4 5 6 7 |  7.3
Poison Magic   | 1 3 |  3.0
Transmutations | 1 3 |  3.0
Throwing       | |  0.6
Stealth        | |  2.4

Action                   |  1- 3 |  4- 6 |  7- 9 || total
-------------------------+-------+-------+-------++-------
Melee: Unarmed           |     4 |       |     3 ||     7
       Dagger            |     2 |     1 |     2 ||     5
Throw: Javelin           |       |     3 |     4 ||     7
 Cast: Foxfire           |    42 |   138 |   312 ||   492
       Conjure Flame     |       |       |     1 ||     1
       Spider Form       |       |       |     2 ||     2
       Sticky Flame      |       |       |     1 ||     1
  Use: Scroll            |       |     7 |     6 ||    13
       Potion            |       |       |     4 ||     4
Armor: Robe              |     4 |    25 |     8 ||    37
       Steam dragon scal |       |       |    32 ||    32
Dodge: Dodged            |    16 |    81 |   266 ||   363

Table legend: (Time is in decaauts)
 A = Elapsed time spent in this place.
 B = Non-inter-level travel time spent in this place.
 C = Inter-level travel time spent in this place.
 D = Time resting spent in this place.
 E = Time spent auto-exploring this place.
 F = Levels seen in this place.
 G = Mean time per level.
                   A        B        C        D        E       F      G
               +--------+--------+--------+--------+--------+-----+--------+
         Total |  11352 |  11006 |    346 |   4291 |   4960 |  10 | 1135.2 |
       Dungeon |  10996 |  10721 |    275 |   4291 |   4677 |   9 | 1221.8 |
        Temple |    356 |    285 |     71 |      0 |    283 |   1 |  356.0 |
               +--------+--------+--------+--------+--------+-----+--------+

Top non-repeatable levels by time:
     D:4: 2592 daAuts
     D:3: 1738 daAuts
     D:8: 1436 daAuts
     D:5: 1365 daAuts
     D:2: 1186 daAuts
     D:6: 941 daAuts
     D:1: 809 daAuts
     D:7: 692 daAuts
  Temple: 356 daAuts
     D:9: 233 daAuts
